 Dungeon Crawl Stone Soup version 0.27-a0-543-gd81048afd2 (webtiles) character file.

Game seed: 8969372788030154225

332 Leibowitz the Chopper (level 6, -4/56 HPs)
             Began as a Minotaur Fighter on Mar 7, 2021.
             Slain by an ogre
             ... wielding a +0 giant club
              (22 damage)
             ... on level 5 of the Dungeon.
             The game lasted 00:06:27 (3474 turns).

Leibowitz the Chopper (Minotaur Fighter)            Turns: 3474, Time: 00:06:27

Health: -4/56      AC: 16    Str: 22    XL:     6   Next: 26%
Magic:  5/5        EV:  8    Int:  5    God:
Gold:   249        SH:  0    Dex: 10    Spells: 5/5 levels left

rFire    . . .     SeeInvis .   a - +0 war axe
rCold    + . .     Faith    .   (no shield)
rNeg     . . .     Spirit   .   l - +4 chain mail {rC+}
rPois    .         Reflect  .   (helmet restricted)
rElec    .         Harm     .   (no cloak)
rCorr    .         Rampage  .   g - +0 pair of gloves
Will     .....                  n - +0 pair of boots
Stlth    ..........             (no amulet)
HPRegen  0.18/turn              (no ring)
MPRegen  0.09/turn              (no ring)

@: no status effects
A: horns 2, retaliatory headbutt
a: no special abilities


You were on level 5 of the Dungeon.
You visited 1 branch of the dungeon, and saw 5 of its levels.

You collected 249 gold pieces.

Inventory:

Hand Weapons
 a - a +0 war axe (weapon)
Armour
 g - a +0 pair of gloves (worn)
 l - a +4 chain mail of cold resistance (worn)
 n - a +0 pair of boots (worn)
Jewellery
 s - a ring of flight
Wands
 h - a wand of iceblast (9)
Scrolls
 c - 3 scrolls of teleportation {unknown}
 e - 7 scrolls of identify {unknown}
 j - 2 scrolls of random uselessness {unknown}
 o - 2 scrolls of amnesia {unknown}
 p - 2 scrolls of magic mapping {unknown}
 r - a scroll of fear {unknown}
 u - a scroll of immolation {unknown}
Potions
 b - a potion of resistance {unknown}
 d - 2 potions of might
 f - a potion of haste {unknown}
 i - 4 potions of curing {unknown}
 k - a potion of brilliance {unknown}
 m - a potion of ambrosia {unknown}
 q - 2 potions of attraction {unknown}
 t - a potion of heal wounds {unknown}


   Skills:
 + Level 5.2 Fighting
 + Level 5.8 Axes
 + Level 4.8 Armour
 + Level 0.9 Dodging
 + Level 4.1 Shields


You had 5 spell levels left.
You didn't know any spells.
Your spell library was empty.

Dungeon Overview and Level Annotations

Branches:
Dungeon (5/15)
 Temple: D:4-7

Altars:
Ru


Innate Abilities, Weirdness & Mutations

You have a pair of horns on your head.
You reflexively headbutt those who attack you in melee.


Message History

Done exploring.
Done exploring.
There is a stone staircase leading down here.
You climb downwards.
There is a stone staircase leading up here.
You open the door.
There is an open door here.
You enter the shallow water.
Moving in this stuff is going to be slow.
You open the door.
An ogre comes into view. It is wielding a +0 giant club.
The ogre shouts!
The ogre moves out of view.
A quokka comes into view.
There is an open door here.
The ogre closely misses you.
You hit the ogre. You headbutt the ogre.
The ogre is lightly wounded.
A quokka comes into view.
The ogre hits you with a +0 giant club!
You hit the ogre.
The ogre is moderately wounded.
The ogre hits you with a +0 giant club!
You hit the ogre.
The ogre is moderately wounded.
You hit the quokka but do no damage. The ogre hits you with a +0 giant club.
You hit the ogre.
The ogre is moderately wounded.
Your chain mail prevents you from hitting the quokka.
You miss the quokka. The quokka barely misses you. You furiously retaliate!
You headbutt the quokka.
You kill the quokka!
The quokka barely misses you. You furiously retaliate!
You headbutt the quokka. The ogre hits you with a +0 giant club!
You hit the ogre. You headbutt the ogre.
The ogre is heavily wounded.
You slash the quokka!
You kill the quokka!
The ogre hits you with a +0 giant club!!
You die...

##.... .# ..... #. ..#.
.. ...#. #....
#...###### #..O#≈≈≈≈#
#.†@#≈≈≈≈###
#...'≈≈≈≈'.#########
.......#≈≈≈≈#....<.....
####...#≈≈≈≈###########
##########


You could see an ogre.

Vanquished Creatures
  A howler monkey (D:4)
  A hound (D:4)
  Terence (D:2)
  Jessica (D:2)
  A howler monkey zombie (D:3)
  4 gnolls (D:3)
  7 adders
  A shadow imp (D:2)
  2 oozes
  2 worms (D:2)
  4 dart slugs
  5 leopard geckos
  12 bats
  5 giant cockroaches
  4 goblins
  3 hobgoblins
  3 jackals (D:2)
  5 quokkas
  A ball python (D:3)
  A ball python skeleton (D:4)
  3 frilled lizards
  4 kobolds
  2 rats
73 creatures vanquished.

Vanquished Creatures (others)
  A fungus (D:3)
  5 toadstools (D:1)
6 creatures vanquished.

Grand Total: 79 creatures vanquished

Notes
Turn   | Place    | Note
-------+----------+-------------------------------------------
     0 | D:1      | Leibowitz the Minotaur Fighter began the quest for the Orb.
     0 | D:1      | Reached XP level 1. HP: 19/19 MP: 0/0
   301 | D:1      | Reached XP level 2. HP: 27/27 MP: 1/1
   902 | D:1      | Reached XP level 3. HP: 31/33 MP: 2/2
  1162 | D:2      | You fall into a shaft and drop 2 floors!
  1383 | D:4      | Reached XP level 4. HP: 28/40 MP: 3/3
  1540 | D:3      | You fall into a shaft and drop 1 floor!
  1660 | D:3      | Reached XP level 5. HP: 45/47 MP: 4/4
  1790 | D:2      | Noticed Terence
  1802 | D:2      | Killed Terence
  1803 | D:2      | Reached skill level 5 in Fighting
  2156 | D:2      | Reached skill level 5 in Axes
  2343 | D:2      | Noticed Jessica
  2354 | D:2      | Killed Jessica
  2774 | D:3      | Reached XP level 6. HP: 56/56 MP: 5/5
  2990 | D:3      | Found a sacrificial altar of Ru.
  3455 | D:5      | Entered Level 5 of the Dungeon
  3474 | D:5      | Slain by an ogre

Illustrated notes

Levels and vault maps discovered:
D:1:      dpeg_arrival_orchard, layout_loops_corners, hangedman_decor_push,
          nrook_mini_vaults, minmay_gold_behind_fungi, minmay_door_square
D:2:      layout_basic, kennysheep_jessica_study, uniq_jessica, uniq_terence
D:3:      layout_basic, st_stairs_6, nicolae_ru_the_path_less_chosen
D:4:      layout_cave_pools
D:5:      layout_rooms, zin_purify, serial_rivers,
          chequers_serial_rivers_micro_b, chequers_serial_rivers_large_a,
          chequers_serial_rivers_small_b, chequers_serial_rivers_micro_b,
          chequers_serial_rivers_room_b

Skill      XL: |  1  2  3  4  5 |
---------------+----------------+-----
Armour         | 4 |  4.8
Fighting       | 4 5 |  5.2
Shields        | 4 |  4.1
Axes           | 4 5 |  5.8
Dodging        | |  0.9

Action                   |  1- 3 |  4- 6 || total
-------------------------+-------+-------++-------
Melee: War axe           |    47 |   105 ||   152
       Headbutt          |     9 |    18 ||    27
Armor: Scale mail        |    25 |    22 ||    47
       Chain mail        |       |    35 ||    35
Dodge: Dodged            |    21 |    56 ||    77

Table legend: (Time is in decaauts)
 A = Elapsed time spent in this place.
 B = Non-inter-level travel time spent in this place.
 C = Inter-level travel time spent in this place.
 D = Time resting spent in this place.
 E = Time spent auto-exploring this place.
 F = Levels seen in this place.
 G = Mean time per level.
                   A        B        C        D        E       F      G
               +--------+--------+--------+--------+--------+-----+--------+
         Total |   3521 |   3440 |     81 |    173 |   2700 |   5 |  704.2 |
       Dungeon |   3521 |   3440 |     81 |    173 |   2700 |   5 |  704.2 |
               +--------+--------+--------+--------+--------+-----+--------+

Top non-repeatable levels by time:
     D:1: 1097 daAuts
     D:2: 1091 daAuts
     D:3: 678 daAuts
     D:4: 630 daAuts
     D:5: 22 daAuts
